 Dungeon Crawl Stone Soup version 0.18-a0-1792-g362e38b (webtiles) character file.

136449 Jojapa the Warrior (level 16, 0/162 HPs)
             Began as a Minotaur Berserker on Apr 22, 2016.
             Was a High Priest of Trog.
             Slain by Ilsuiw
             ... wielding a -1 trident of freezing
              (3 damage)
             ... on level 3 of the Shoals.
             The game lasted 02:58:52 (24766 turns).

Jojapa the Warrior (Minotaur Berserker)            Turns: 24766, Time: 02:58:52

Health: 0/162      AC: 28    Str: 25    XL:     16   Next: 66%
Magic:  5/5        EV: 13    Int:  4    God:    Trog [*****.]
Gold:   876        SH:  0    Dex: 16    Spells: 0 memorised, 15 levels left

rFire  . . .     SeeInvis .     X - +7 broad axe (antimagic)
rCold  . . .     Gourm    .     n - +0 plate armour
rNeg   + . .     Faith    +     (no shield)
rPois  .         Spirit   .     (helmet restricted)
rElec  .         Dismiss  .     i - +2 cloak
rCorr  .         Reflect  .     j - +0 pair of gloves
SustAt .         Harm     .     p - +1 pair of boots {Fly}
MR     +....                    s - amulet of faith
Stlth  ..........               h - ring of positive energy
                                T - +2 ring of protection

@: flying, mesmerised, somewhat resistant to hostile enchantments, extremely
unstealthy
A: retaliatory headbutt, horns 2, blurry vision 1, strong 1
a: Berserk, Trog's Hand, Brothers in Arms, Burn Spellbooks, Renounce Religion,
Stop Flying


You were on level 3 of the Shoals.
You worshipped Trog.
Trog was extremely pleased with you.
You were hungry.

You visited 4 branches of the dungeon, and saw 28 of its levels.
You also visited: Labyrinth.

You collected 3152 gold pieces.
You spent 2276 gold pieces at shops.

Inventory:

Hand Weapons
 X - a +7 antimagic broad axe (weapon)
Armour
 i - a +2 cloak (worn)
 j - a +0 pair of gloves (worn)
 n - a +0 plate armour (worn)
 p - a +1 pair of boots of flying (worn)
Jewellery
 h - a ring of positive energy (right hand)
 s - an amulet of faith (around neck)
 R - an uncursed ring of protection from cold
 S - an uncursed ring of sustain attributes
 T - a +2 ring of protection (left hand)
Wands
 a - a wand of paralysis (6/24)
 e - a wand of iceblast (9/15)
 f - a wand of lightning (5/15)
 l - a wand of disintegration (7/24)
 x - a wand of teleportation (6/9)
 C - a wand of confusion (2/48)
 I - a wand of flame (10/48)
 J - a wand of disintegration (6/24)
 M - a wand of polymorph (9/24)
 N - a wand of heal wounds (3/9)
 P - a wand of digging (10/24)
 Q - a wand of random effects (26/48)
 W - a wand of acid (0/15)
 Y - a wand of slowing (7/48)
 Z - a wand of flame (20/48)
Scrolls
 m - 4 scrolls of remove curse
 u - 2 scrolls of identify
 v - 5 scrolls of magic mapping
 w - 3 scrolls of enchant armour
 y - 3 scrolls of fog
 z - 4 scrolls of fear
 B - 2 scrolls of blinking
 D - 6 scrolls of recharging
 H - a scroll of summoning
 L - 6 scrolls of teleportation
 O - 4 scrolls of enchant weapon
Potions
 d - 8 potions of heal wounds
 g - a potion of lignification
 o - 18 potions of curing
 r - 3 potions of agility
 t - a potion of might
 A - 3 potions of brilliance
 E - 3 potions of cure mutation
 F - 11 potions of haste
 K - a potion of magic
 V - a potion of resistance
Comestibles
 b - 19 fruits
 c - 17 bread rations
 k - a slice of pizza
 q - 10 meat rations
 G - 13 beef jerkies


   Skills:
 * Level 19.8 Fighting
 - Level 18.0 Axes
 + Level 17.2 Armour
 + Level 9.3 Dodging


You had 15 spell levels left.
You didn't know any spells.

Dungeon Overview and Level Annotations

Branches:
Dungeon (15/15)            Temple (0/1) D:7            Lair (8/8) D:11
 Shoals (3/4) Lair:6       Spider (0/4) Lair:6        Slime (0/6) Lair:6
    Orc (2/2) D:10            Elf (0/3) Orc:2        Vaults (0/5) D:13
 Depths (0/5) D:15

Altars:
Ashenzari
Cheibriados
Dithmenos
Fedhas
Gozag
Kikubaaqudgha
Makhleb
Okawaru
Qazlal
Vehumet
Beogh
Jiyva

Shops:
D:10 (   D:11 [*   D:12 !   Orc:1 }   Orc:2 !:?[   Shoals:2 %

Annotations:
Shoals:3 Ilsuiw


Innate Abilities, Weirdness & Mutations

You reflexively headbutt those who attack you in melee.
You have a pair of horns on your head.
Scrolls take you a little longer to read.
Your muscles are strong. (Str +2)


Message History

The merfolk javelineer throws a javelin.
The javelin misses you.
You begin reading the scroll.
You continue reading the scroll.
The siren chants its luring song.
Ilsuiw hits you but does no damage. The merfolk barely misses you.
The merfolk hits you with a trident.
* * * LOW HITPOINT WARNING * * *
The merfolk javelineer throws a javelin.
The javelin hits you.
* * * LOW HITPOINT WARNING * * *
As you read the scroll of fog, it crumbles to dust.
The scroll dissolves into smoke.
Unknown command.
Read which item? (? for menu, Esc to quit)
Really read with blurry vision while enemies are nearby?
The siren chants its luring song.
Ilsuiw hits you with a trident of freezing.
* * * LOW HITPOINT WARNING * * *
Ilsuiw freezes you.
You die...

....##..≈≈
.......[≈≈≈≈≈ ≈
.......≈ .≈≈ ...
####...... .≈≈≈
.....##(.##..## ..≈≈≈
≈..≈...<((....##..≈≈≈
≈.≈≈≈..............≈≈
≈≈≈≈≈.......§mm......
≈≈≈≈......#(.@m......
≈≈≈|....≈.##§mm...#..
≈≈..≈≈$≈≈............
≈........≈...........
≈≈.......≈.......###.
..≈.≈≈≈..##...#
.≈≈≈.. .... ......
.....


You could see Ilsuiw, a merfolk javelineer, 2 merfolk and a siren.

Vanquished Creatures
  Agnes (D:14)
  Maud (D:14)
  A stone giant (Orc:1)
  Nessos (Orc:2)
  Snorg (Lair:7)
  A minotaur (Lab)
  2 merfolk javelineers
  A merfolk impaler (Shoals:1)
  A yaktaur captain (D:13)
  2 hydras
  3 centaur warriors
  9 death yaks
  4 slime creatures (D:12)
  5 skeletal warriors (D:13)
  7 hill giants
  An unseen horror (D:12)
  4 sea snakes
  A wizard (D:14)
  An orc knight (D:15)
  3 griffons
  7 orc sorcerers
  6 harpies
  8 ugly things
  3 manticores (Shoals:1)
  9 fauns
  4 elephants (Lair:8)
  6 sirens
  Maurice (D:8)
  A black mamba (Lair:8)
  27 spiny frogs
  2 water nymphs (Shoals:1)
  3 centaur skeletons
  3 kobold demonologists (D:14)
  A torpor snail (Lair:6)
  11 komodo dragons
  2 yaktaurs (D:13)
  A freezing wraith (D:15)
  4 rime drakes
  The ghost of tedric the Cudgeler, an amateur OgAM of the Shining One (D:4)
  An efreet (D:15)
  7 merfolk
  2 giant leeches (Lair:8)
  Grinder (D:3)
  4 trolls
  2 polar bears
  8 blink frogs (Lair:8)
  A two-headed ogre (Orc:2)
  A boulder beetle (Lair:7)
  2 snapping turtles (Shoals:2)
  3 redbacks (Lair:6)
  Sigmund (D:4)
  A centaur simulacrum (D:15)
  2 water elementals
  2 vampires
  4 wyverns
  44 yaks
  5 hogs (D:14)
  Eustachio (D:4)
  2 hungry ghosts (D:15)
  6 basilisks
  11 hippogriffs
  A steam dragon (D:11)
  22 vampire mosquitoes
  A warg (Orc:1)
  Edmund (D:4)
  16 water moccasins
  6 porcupines
  Duvessa (D:6)
  5 sky beasts
  2 black bears
  A necrophage (D:8)
  3 ice beasts
  10 orc warriors
  7 ogres
  A phantom (D:8)
  12 wolves
  An eye of draining (D:15)
  13 centaurs
  12 crocodiles
  3 big kobolds
  35 giant frogs
  A gnoll sergeant (D:11)
  2 wyvern zombies
  Dowan (D:6)
  A wyvern skeleton (D:9)
  5 scorpions
  14 killer bees
  3 electric eels (Lair:8)
  2 vampire bats (Lair:6)
  6 howler monkeys
  3 centaur zombies
  A quasit (D:9)
  6 crimson imps
  A jelly (D:6)
  10 hounds
  Crazy Yiuf (D:3)
  13 orc priests
  A giant frog skeleton (D:13)
  25 orc wizards
  Ijyb (D:2)
  Natasha (thrice) (D:3)
  13 iguanas
  14 worker ants
  30 sheep
  A hound skeleton (D:5)
  A worker ant zombie (D:11)
  Robin (D:4)
  7 gnolls
  10 adders
  83 river rats
  5 shadow imps
  An ooze (D:2)
  An adder zombie (D:7)
  A worm (D:2)
  5 dart slugs
  8 giant geckos
  53 orcs
  12 bats
  4 giant cockroaches
  13 goblins
  17 hobgoblins
  9 jackals
  22 kobolds
  3 quokkas
  2 ball pythons (D:6)
  A ball python skeleton (D:5)
  A giant gecko skeleton (D:6)
  5 giant newts
  A quokka skeleton (D:5)
  6 rats
  3 bushes (Lair:4)
  6 fungi
  5 plants
858 creatures vanquished.

Vanquished Creatures (collateral kills)
  Kirke (D:14)
  Erolcha (Orc:2)
  2 ice dragons (D:15)
  4 hydras
  Nergalle (Orc:2)
  2 orc sorcerers (Orc:2)
  An ugly thing (D:11)
  A wyvern (D:11)
  A warg (Orc:2)
  An ogre (Orc:2)
  A big kobold (D:11)
  A scorpion (D:11)
  5 orc wizards (Orc:2)
  3 gnolls (D:11)
  5 orcs
  3 kobolds (D:11)
33 creatures vanquished.

Vanquished Creatures (others)
  2 orc wizards
  2 orcs
  A bush (Lair:8)
  4 fungi
  4 plants (Lair:8)
13 creatures vanquished.

Grand Total: 904 creatures vanquished

Notes
Turn   | Place    | Note
--------------------------------------------------------------
     0 | D:1      | Jojapa the Minotaur Berserker began the quest for the Orb.
     0 | D:1      | Reached XP level 1. HP: 19/19 MP: 0/0
   124 | D:1      | Reached XP level 2. HP: 27/27 MP: 1/1
   202 | D:1      | Reached skill level 4 in Fighting
   595 | D:2      | Reached XP level 3. HP: 33/33 MP: 2/2
   628 | D:2      | Reached ** piety under Trog
   750 | D:2      | Found a stormy altar of Qazlal.
   775 | D:2      | Noticed Ijyb
   782 | D:2      | Killed Ijyb
   897 | D:2      | Reached XP level 4. HP: 41/41 MP: 3/3
   989 | D:2      | Found an ancient bone altar of Kikubaaqudgha.
  1574 | D:3      | Found a shadowy altar of Dithmenos.
  1582 | D:3      | Noticed a giant frog
  1587 | D:3      | Killed a giant frog
  1587 | D:3      | Reached skill level 5 in Fighting
  1587 | D:3      | Reached skill level 5 in Axes
  1587 | D:3      | Reached XP level 5. HP: 33/48 MP: 4/4
  1834 | D:3      | Noticed Crazy Yiuf
  1839 | D:3      | Killed Crazy Yiuf
  1962 | D:3      | Noticed Natasha
  1975 | D:3      | Killed Natasha
  2012 | D:3      | Reached *** piety under Trog
  2106 | D:3      | Noticed Grinder
  2117 | D:3      | Killed Grinder
  2117 | D:3      | Reached skill level 6 in Fighting
  2117 | D:3      | Reached skill level 5 in Armour
  2117 | D:3      | Reached XP level 6. HP: 57/57 MP: 5/5
  2208 | D:3      | Found a snail-covered altar of Cheibriados.
  2218 | D:3      | Found a faded altar to an unknown god.
  2391 | D:3      | Noticed Natasha
  2397 | D:3      | Killed Natasha
  2431 | D:3      | Noticed Natasha
  2439 | D:3      | Killed Natasha
  2579 | D:4      | Reached XP level 7. HP: 58/64 MP: 6/6
  2581 | D:4      | Noticed tedric's ghost (amateur OgAM)
  2590 | D:4      | Killed tedric's ghost
  2687 | D:4      | Noticed Eustachio
  2697 | D:4      | Killed Eustachio
  2697 | D:4      | Reached skill level 7 in Fighting
  2886 | D:4      | Noticed Robin
  2896 | D:4      | Killed Robin
  3199 | D:4      | Noticed Edmund
  3208 | D:4      | Killed Edmund
  3208 | D:4      | Reached XP level 8. HP: 73/73 MP: 7/7
  3307 | D:4      | Noticed Sigmund
  3323 | D:4      | Killed Sigmund
  3323 | D:4      | Reached skill level 8 in Fighting
  3769 | D:5      | Entered Level 5 of the Dungeon
  4011 | D:5      | Reached **** piety under Trog
  4619 | D:6      | Reached skill level 9 in Fighting
  4619 | D:6      | Reached XP level 9. HP: 70/83 MP: 8/8
  4763 | D:6      | Received a gift from Trog
  4801 | D:6      | Noticed Duvessa
  4801 | D:6      | Noticed Dowan
  4816 | D:6      | Killed Duvessa
  4825 | D:6      | Killed Dowan
  4953 | D:6      | Found an iron altar of Okawaru.
  5237 | D:7      | Found a staircase to the Ecumenical Temple.
  5745 | D:8      | Reached skill level 10 in Fighting
  5821 | D:8      | Found a blossoming altar of Fedhas.
  5936 | D:8      | Reached skill level 10 in Axes
  5998 | D:8      | Received a gift from Trog
  6034 | D:8      | Found an opulent altar of Gozag.
  6111 | D:8      | Reached skill level 10 in Armour
  6119 | D:8      | Noticed Maurice
  6130 | D:8      | Killed Maurice
  6427 | D:8      | Reached XP level 10. HP: 89/94 MP: 9/9
  6744 | D:9      | Reached ***** piety under Trog
  6796 | D:9      | Found a shattered altar of Ashenzari.
  6871 | D:9      | Reached skill level 11 in Fighting
  7311 | D:10     | Entered Level 10 of the Dungeon
  7422 | D:10     | Found a shattered altar of Ashenzari.
  7972 | D:10     | Found Piere's Antique Weapon Shoppe.
  8107 | D:10     | Noticed a hill giant
  8113 | D:10     | Killed a hill giant
  8113 | D:10     | Reached skill level 12 in Fighting
  8212 | D:10     | Found a staircase to the Orcish Mines.
  8259 | D:11     | Reached XP level 11. HP: 104/104 MP: 10/10
  8297 | D:11     | Found a staircase to the Lair.
  8346 | D:11     | Noticed a hill giant
  8352 | D:11     | Received a gift from Trog
  8353 | D:11     | Killed a hill giant
  8371 | D:11     | Noticed a green ugly thing
  8376 | D:11     | Killed a green ugly thing
  8379 | D:11     | Noticed a white ugly thing
  8464 | D:11     | Found Suifol's Elemental Accessories.
  8814 | D:11     | Killed a white ugly thing
  8895 | D:11     | Found Gekkish's Armour Shop.
  9060 | Lair:1   | Entered Level 1 of the Lair of Beasts
  9092 | Lair:1   | Found an ancient bone altar of Kikubaaqudgha.
  9153 | Lair:1   | Found a labyrinth entrance.
  9162 | Lab      | Entered a labyrinth
  9464 | Lab      | Noticed a minotaur
  9475 | Lab      | Killed a minotaur
 10145 | Lair:1   | Reached skill level 13 in Fighting
 10396 | Lair:2   | Received a gift from Trog
 10727 | Lair:2   | Noticed a four-headed hydra
 10735 | Lair:2   | Killed a ten-headed hydra
 10774 | Lair:2   | Reached XP level 12. HP: 77/115 MP: 3/11
 11417 | Lair:3   | Received a gift from Trog
 11606 | Lair:3   | Noticed a death yak
 11606 | Lair:3   | Noticed a death yak
 11606 | Lair:3   | Noticed a death yak
 11610 | Lair:3   | Noticed a death yak
 11614 | Lair:3   | Killed a death yak
 11614 | Lair:3   | Reached skill level 15 in Axes
 11618 | Lair:3   | Killed a death yak
 11623 | Lair:3   | Killed a death yak
 11623 | Lair:3   | Reached skill level 14 in Fighting
 11624 | Lair:3   | Killed a death yak
 12245 | Lair:4   | Noticed an eight-headed hydra
 12261 | Lair:4   | Killed a ten-headed hydra
 12433 | Lair:4   | Received a gift from Trog
 12458 | Lair:4   | Noticed a four-headed hydra
 12466 | Lair:4   | Killed a five-headed hydra
 13093 | Lair:5   | Noticed a death yak
 13094 | Lair:5   | Noticed a death yak
 13095 | Lair:5   | Noticed a death yak
 13095 | Lair:5   | Noticed a death yak
 13095 | Lair:5   | Noticed a death yak
 13103 | Lair:5   | Killed a death yak
 13103 | Lair:5   | Reached XP level 13. HP: 125/125 MP: 4/12
 13530 | Lair:6   | Found a staircase to the Shoals.
 13613 | Lair:6   | Received a gift from Trog
 13756 | Lair:6   | Found a hole to the Spider Nest.
 13841 | Lair:6   | Found a staircase to the Slime Pits.
 13841 | Lair:6   | Found a viscous altar of Jiyva.
 14139 | Lair:6   | Reached skill level 15 in Fighting
 14620 | Lair:7   | Noticed Snorg
 14625 | Lair:7   | Killed Snorg
 15207 | Lair:8   | Entered Level 8 of the Lair of Beasts
 15221 | Lair:8   | Reached skill level 15 in Armour
 15455 | Lair:8   | Received a gift from Trog
 15573 | Lair:8   | Reached XP level 14. HP: 121/135 MP: 4/13
 16089 | Lair:8   | Identified a scroll of acquirement
 16172 | Lair:8   | Received a gift from Trog
 16545 | Lair:8   | Gained mutation: Your muscles are strong. (Str +2) [potion of beneficial mutation]
 16622 | Lair:8   | Reached skill level 16 in Fighting
 17211 | D:12     | Found a burning altar of Makhleb.
 17502 | D:12     | Found Rean's Distillery.
 17523 | D:12     | Bought a potion of curing for 42 gold pieces
 17523 | D:12     | Bought a potion of curing for 42 gold pieces
 17523 | D:12     | Bought a potion of haste for 140 gold pieces
 17523 | D:12     | Bought a potion of curing for 42 gold pieces
 17523 | D:12     | Bought a potion of curing for 42 gold pieces
 17523 | D:12     | Bought a potion of curing for 42 gold pieces
 17523 | D:12     | Bought a potion of heal wounds for 70 gold pieces
 17523 | D:12     | Bought a potion of curing for 42 gold pieces
 17844 | Orc:1    | Entered Level 1 of the Orcish Mines
 17844 | Orc:1    | Found Mikemmec's Gadget Shoppe.
 17844 | Orc:1    | Noticed a stone giant
 17872 | Orc:1    | Killed a stone giant
 18101 | Orc:1    | Bought a wand of teleportation (6/9) for 450 gold pieces
 18266 | Orc:2    | Entered Level 2 of the Orcish Mines
 18775 | Orc:1    | Reached ****** piety under Trog
 18882 | Orc:2    | Found a roughly hewn altar of Beogh.
 18893 | Orc:2    | Found a staircase to the Elven Halls.
 19084 | Orc:2    | Received a gift from Trog
 19112 | Orc:2    | Noticed Nessos
 19125 | Orc:2    | Killed Nessos
 19125 | Orc:2    | Reached skill level 5 in Dodging
 19343 | Orc:2    | Found Meojige's Antique Armour Boutique.
 19348 | Orc:2    | Paralysed by an orc sorcerer for 2 turns
 19366 | Orc:2    | Paralysed by an orc sorcerer for 6 turns
 19572 | Orc:2    | Found a radiant altar of Vehumet.
 19573 | Orc:2    | Noticed Erolcha
 19583 | Orc:2    | Reached skill level 17 in Fighting
 19589 | Orc:2    | Killed Erolcha
 19620 | Orc:2    | Noticed Nergalle
 19630 | Orc:2    | Killed Nergalle
 19636 | Orc:2    | Found an ancient bone altar of Kikubaaqudgha.
 19657 | Orc:2    | Found Cusohila's Distillery.
 19671 | Orc:2    | Bought a potion of curing for 36 gold pieces
 19671 | Orc:2    | Bought a potion of heal wounds for 60 gold pieces
 19671 | Orc:2    | Bought a potion of curing for 36 gold pieces
 19905 | Orc:2    | Found a roughly hewn altar of Beogh.
 19905 | Orc:2    | Found Only's Book Boutique.
 19914 | Orc:2    | Gained mutation: Scrolls take you a little longer to read. [a neqoxec]
 19983 | Orc:2    | Found Yhezegg's Magic Scroll Shop.
 19991 | Orc:2    | Bought a scroll of blinking for 82 gold pieces
 19991 | Orc:2    | Bought a scroll of teleportation for 33 gold pieces
 19991 | Orc:2    | Bought a scroll of identify for 22 gold pieces
 19991 | Orc:2    | Bought a scroll of identify for 22 gold pieces
 19991 | Orc:2    | Bought a scroll of recharging for 104 gold pieces
 19991 | Orc:2    | Bought a scroll of identify for 22 gold pieces
 19991 | Orc:2    | Bought a scroll of recharging for 104 gold pieces
 19991 | Orc:2    | Bought a scroll of teleportation for 33 gold pieces
 20097 | Orc:1    | Bought a wand of heal wounds (5/9) for 810 gold pieces
 20103 | Orc:1    | Reached skill level 18 in Fighting
 20103 | Orc:1    | Reached XP level 15. HP: 149/149 MP: 4/14
 20507 | D:13     | Found a gate to the Vaults.
 20866 | D:14     | Noticed Maud
 20882 | D:14     | Killed Maud
 20920 | D:14     | Noticed Kirke
 20945 | D:14     | Killed Kirke
 21054 | D:14     | Received a gift from Trog
 21075 | D:14     | Reached XP level 16. HP: 128/159 MP: 5/15
 21100 | D:14     | Got a steaming battleaxe {god gift}
 21101 | D:14     | Identified the +1 battleaxe of Ismogabe {speed, Int+4 Dex+3} (Trog gifted it to you on level 14 of the Dungeon)
 21313 | D:14     | Noticed Agnes
 21327 | D:14     | Killed Agnes
 21475 | D:15     | Entered Level 15 of the Dungeon
 21804 | D:15     | Reached skill level 19 in Fighting
 22183 | D:15     | Found a staircase to the Depths.
 22543 | Shoals:1 | Entered Level 1 of the Shoals
 23764 | Shoals:2 | Received a gift from Trog
 24031 | Shoals:2 | Found Vicawyef's Food Emporium.
 24741 | Shoals:3 | Noticed Ilsuiw
 24766 | Shoals:3 | HP: 3/162 [Ilsuiw/trident of freezing (6)]
 24766 | Shoals:3 | Slain by Ilsuiw

Vault maps used:
D:1:      lightli_arrival_statue_moat, minmay_misc_feat_four_crosses
D:2:      kiku_gazebo_garden_becter, solitary_fountain, grunt_qazlal_clouds,
          uniq_iyjb
D:3:      grunt_dithmenos_smoke, lemuel_crystal_altar, first_bread,
          ecumenical_altar_2, uniq_grinder, uniq_natasha,
          uniq_crazy_yiuf_cottage
D:4:      uniq_sigmund, uniq_robin, uniq_edmund, uniq_eustachio
D:6:      nicolae_overflow_crystal_walls, uniq_duvessa
D:7:      minmay_temple_entry_statues
D:8:      grunt_gozag_statues, hangedman_tree_tricks, uniq_maurice
D:9:      cheibrodos_ashenzari_chains, evilmike_butchery
D:10:     orc_0_dummy, basic_altar, serial_shops, nicolae_shop_crystal,
          st_stairs_10
D:11:     dpeg_lair_monsters, serial_shops, shop_fountains,
          nicolae_elemental_shop
D:12:     serial_shops, shop_fountains, bloody_makhleb
D:13:     david_vaults_2, kennysheep_cluttered_room
D:14:     kennysheep_generic_room_3, uniq_agnes, uniq_maud, uniq_kirke
D:15:     grunt_enter_depths_hoard, minmay_strange_pillars
Lair:1:   basic_altar, lab_entry_generic, cheibrodos_lair_reptile_den
Lair:3:   grunt_megastairs_3
Lair:4:   serial_bayou_pond_c, minmay_hedge_maze
Lair:6:   elwin_shoals_entry_stream, spider_nest_entry_a, slime_altar_1,
          minivault_11, small_statue_intersection, grunt_forest_stairs_basic,
          roderic_batcave, beast_lair_carwin_2
Lair:7:   uniq_snorg
Lair:8:   minmay_lair_end_frog_pond, grunt_forest_large_clearing_hut,
          infiniplex_staircase_pool
Shoals:1: centaur_isle
Shoals:2: serial_shops, shop, nicolae_shoals_square_sea_wall
Shoals:3: serial_shops, shop_fountains, nicolae_shoals_c_island, uniq_mara,
          uniq_ilsuiw
Orc:1:    serial_shops, shop
Orc:2:    kennysheep_orc_mage_school, basic_altar, uniq_nessos
Lab:      nicolae_lab_dead_adventurers

Skill      XL: |  1  2  3  4  5  6  7  8  9 10 11 12 13 14 15 16 |
---------------+-------------------------------------------------+-----
Fighting       | 4 5 6 7 9 10 12 13 14 15 18 19 | 19.8
Armour         | 3 4 5 7 8 10 11 13 14 15 16 17 | 17.2
Axes           | 4 5 6 7 8 10 12 14 16 18 | 18.0
Dodging        | 5 6 9 |  9.3

Action                   |  1- 3 |  4- 6 |  7- 9 | 10-12 | 13-15 | 16-18 || total
-------------------------+-------+-------+-------+-------+-------+-------++-------
Melee: Hand axe          |    44 |    82 |   390 |   314 |       |       ||   830
       Headbutt          |     9 |    17 |    90 |   158 |   192 |    95 ||   561
       Broad axe         |       |       |       |   356 |   835 |   364 ||  1555
       Unarmed           |       |       |       |       |    10 |       ||    10
Invok: Berserk           |     1 |     3 |     8 |    13 |     6 |       ||    31
       Trog's Hand       |       |     2 |     8 |    12 |    17 |    11 ||    50
       Brothers in Arms  |       |       |       |     7 |     8 |     2 ||    17
Evoke: Wand              |       |       |       |     4 |    11 |    18 ||    33
  Use: Scroll            |       |       |     4 |    19 |    14 |     5 ||    42
       Potion            |       |       |       |       |     4 |       ||     4
 Stab: Sleeping          |       |     1 |       |       |       |       ||     1
       Paralysed         |       |       |       |     6 |       |       ||     6
       Distracted        |       |       |       |       |     1 |       ||     1
  Eat: Chunk             |     1 |     8 |    23 |    27 |    34 |     8 ||   101
       Pizza             |       |       |       |     3 |     1 |     3 ||     7
       Meat ration       |       |       |       |     1 |       |       ||     1
       Royal jelly       |       |       |       |       |     1 |     1 ||     2
       Beef jerky        |       |       |       |       |       |     1 ||     1
Armor: Animal skin       |     6 |    10 |     8 |       |       |       ||    24
       Chain mail        |       |       |   140 |   302 |   313 |       ||   755
       Plate armour      |       |       |       |       |   129 |   240 ||   369
Dodge: Dodged            |    26 |    49 |   143 |   217 |   321 |   222 ||   978
